 Dungeon Crawl Stone Soup version 0.21.1-1-g345015f (webtiles) character file.

11291 dvd the Thaumaturge (level 11, -5/70 HPs)
             Began as an Octopode Ice Elementalist on June 11, 2018.
             Was an Elder of Qazlal.
             Killed by divine providence
             ... invoked by an orc priest
              (17 damage)
             ... on level 10 of the Dungeon.
             The game lasted 00:55:26 (15054 turns).

dvd the Thaumaturge (Octopode Ice Elementalist)    Turns: 15054, Time: 00:55:27

Health: -5/70      AC:  8    Str:  9    XL:     11   Next: 75%
Magic:  11/23      EV: 14    Int: 18    God:    Qazlal [****..]
Gold:   731        SH: 14    Dex: 14    Spells: 11/26 levels left

rFire    . . .     SeeInvis .   a - +5 falchion (protect)
rCold    + . .     Gourm    .   q - +0 shield
rNeg     . . .     Faith    .   (helmet restricted)
rPois    .         Spirit   .   m - amulet of rage
rElec    .         Reflect  .   o - ring of wizardry
rCorr    .         Harm     .   (no ring)
MR       .....                  w - ring of protection from cold
Stlth    ++........             (no ring)
HPRegen  0.21/turn              (no ring)
MPRegen  0.18/turn              (no ring)
                                (no ring)
                                (no ring)

@: icy armour, about to teleport, repel missiles, slow
A: almost no armour, stealthy swim, amphibious, 8 rings, constrict 8, camouflage
1, gelatinous body 1
a: Upheaval, Elemental Force, Renounce Religion, Evoke Berserk Rage


You were on level 10 of the Dungeon.
You worshipped Qazlal.
Qazlal was greatly pleased with you.
You were hungry.

You visited 1 branch of the dungeon, and saw 10 of its levels.

You collected 978 gold pieces.
You spent 247 gold pieces at shops.

Inventory:

Hand Weapons
 a - a +5 falchion of protection (weapon)
 p - a +0 whip of freezing
 E - the +8 Wrath of Trog {antimagic, *Rage}
   (You found it on level 10 of the Dungeon)

   It reduces the magical energy of the wielder, and disrupts the spells and
   magical abilities of those hit.
   Natural abilities and divine invocations are not affected.
   It may make you go berserk in combat.
 F - a +0 scimitar of flaming
Armour
 q - a +0 shield (worn)
Jewellery
 g - an uncursed ring of fire
 m - an amulet of rage (around mantle)
 o - a ring of wizardry (left tentacle)
 w - a ring of protection from cold (on tentacle)
Wands
 f - a wand of acid (12)
 t - a wand of digging (23)
 u - a wand of disintegration (9)
 D - a wand of flame (41)
 G - a wand of random effects (42)
Scrolls
 d - 2 scrolls of teleportation
 e - a scroll of fog
 h - 7 scrolls of identify
 n - a scroll of remove curse
 y - a scroll of amnesia
 B - a scroll of enchant armour
 C - a scroll of magic mapping
Potions
 c - 4 potions of ambrosia
 i - 4 potions of curing
 j - a potion of flight
 k - 2 potions of brilliance
 l - a potion of might
 r - a potion of resistance
 x - 4 potions of agility
Books
 s - a book of Air

   Spells                             Type                      Level
   a - Shock                          Conjuration/Air              1
   b - Swiftness                      Charms/Air                   2
   c - Static Discharge               Conjuration/Air              3
   d - Airstrike                      Air                          4
   e - Lightning Bolt                 Conjuration/Air              5
 v - a book of Frost

   Spells                             Type                      Level
   a - Freeze                         Ice                          1
   b - Throw Frost                    Conjuration/Ice              2
   c - Ozocubu's Armour               Charms/Ice                   3
   d - Throw Icicle                   Conjuration/Ice              4
   e - Summon Ice Beast               Ice/Summoning                4
 z - a book of Misfortune

   Spells                             Type                      Level
   a - Confusing Touch                Hexes                        1
   b - Confuse                        Hexes                        3
   c - Gell's Gravitas                Translocation                3
   d - Petrify                        Transmutation/Earth          4
   e - Metabolic Englaciation         Hexes/Ice                    5
   f - Yara's Violent Unravelling     Hexes/Transmutation          5
 A - a book of Minor Magic

   Spells                             Type                      Level
   a - Magic Dart                     Conjuration                  1
   b - Blink                          Translocation                2
   c - Call Imp                       Summoning                    2
   d - Slow                           Hexes                        2
   e - Conjure Flame                  Conjuration/Fire             3
   f - Mephitic Cloud                 Conjuration/Poison/Air       3
Comestibles
 b - 22 rations


   Skills:
 + Level 4.8 Fighting
 + Level 7.5 Long Blades
 + Level 1.8(2.5) Axes
 + Level 2.6(3.0) Maces & Flails
 + Level 5.7 Dodging
 - Level 4.1 Stealth
 * Level 5.9 Shields
 + Level 0.2 Unarmed Combat
 + Level 8.3 Spellcasting
 + Level 3.7 Conjurations
 + Level 0.8 Hexes
 + Level 3.4 Charms
 + Level 8.0 Ice Magic
 * Level 2.6 Invocations
 + Level 0.2 Evocations


You had 11 spell levels left.
You knew the following spells:

 Your Spells              Type           Power        Failure   Level  Hunger
a - Freeze                Ice            ####         1%          1    None
b - Throw Frost           Conj/Ice       ####..       1%          2    None
c - Ozocubu's Armour      Chrm/Ice       ####....     3%          3    None
d - Throw Icicle          Conj/Ice       ####....     11%         4    ###....
e - Confuse               Hex            ##......     26%         3    None
f - Blink                 Tloc           N/A          17%         2    None


Dungeon Overview and Level Annotations

Branches:
Dungeon (10/15)            Temple (0/1) D:4             Orc (0/2) D:10
   Lair: D:8-11

Altars:
Ashenzari
Cheibriados
Dithmenos
Elyvilon
Fedhas
Gozag
Nemelex Xobeh
Qazlal
Ru
Sif Muna
Trog
Vehumet
Wu Jian
Xom
Yredelemnul
Zin
The Shining One

Shops:
D:5 (   D:8 (


Innate Abilities, Weirdness & Mutations

You cannot wear most types of armour.
You are very stealthy in the water. (Stealth+)
You are amphibious.
You can wear up to eight rings at the same time.
You can use your tentacles to constrict eight enemies at once.
Your skin changes colour to match your surroundings (Stealth+).
Your rubbery body absorbs attacks. (AC +1, EV +1)


Message History

You kill the two-headed ogre!
Qazlal accepts your kill.
Your Ice Magic skill increases to level 8!
The orc is struck by lightning.
You kill the orc!
Qazlal accepts your kill. You block the orc warrior's attack.
You hear a shout! x10
Things that are here:
a giant spiked club; a giant club
As you read the scroll of teleportation, it crumbles to dust.
You feel strangely unstable.
An orc priest comes into view.
Unknown command.
The orc wizard gestures at you while chanting.
The puff of frost hits you! You resist.
* * * LOW HITPOINT WARNING * * *
The orc priest calls down the wrath of Beogh upon you.
Beogh smites you!
You die...

..####...##..##,,*,,##.......###.
..# #..##..##.,###,,##......# #.
..# ##.##..##..##}##,.##.....# #.
..###.##..##[..#...##..##....###.
......o##..##|##..##..##.........
......o.##..###..##..##..........
###..#..o##..#..##..##.####......
#..####.##...##..##.## #......
#..# *#.##.##@.##..# #......
**#..######.###).##...#####......
,,..........o#..##...............
,.....o....ooo.##................
*#############.#.################
##.## ###


You could see an orc priest and an orc wizard.

Vanquished Creatures
  3 two-headed ogres
  Pikel (D:8)
  The ghost of Boondog the Chopper, a novice DsGl of Wu Jian (D:6)
  Maurice (D:8)
  The ghost of kae the Chopper, a novice HOAK of Lugonu (D:5)
  A gargoyle (D:10)
  An efreet (D:10)
  2 trolls
  3 hippogriffs
  A yak (D:9)
  A hungry ghost (D:7)
  2 steam dragons
  2 insubstantial wisps (D:7)
  A water moccasin (D:9)
  6 orc warriors
  2 ice beasts
  A necrophage (D:9)
  2 slaves (D:8)
  A black bear (D:8)
  7 sky beasts
  7 ogres
  4 centaurs
  3 big kobolds
  3 gnoll sergeants
  2 wyvern zombies (D:10)
  6 bullfrogs
  4 scorpions
  A killer bee (D:9)
  3 howler monkeys
  5 crimson imps
  2 centaur zombies
  7 orc priests
  A gnoll shaman (D:7)
  7 hounds
  4 jellies
  9 orc wizards
  A bullfrog skeleton (D:5)
  3 iguanas
  3 worker ants
  A killer bee zombie (D:10)
  4 hound skeletons
  A worker ant zombie (D:9)
  A howler monkey skeleton (D:4)
  A howler monkey zombie (D:6)
  16 gnolls
  14 adders
  4 shadow imps
  9 oozes (D:3)
  An adder zombie (D:7)
  2 adder skeletons
  A worm (D:3)
  2 dart slugs
  4 leopard geckos
  33 orcs
  7 giant cockroaches
  4 goblins
  20 hobgoblins
  5 jackals
  20 kobolds
  8 quokkas
  3 ball pythons
  4 bats
  6 frilled lizards
  A leopard gecko skeleton (D:5)
  9 rats
  A spectral orc (D:5)
  2 plants (D:7)
299 creatures vanquished.

Vanquished Creatures (others)
  2 slaves (D:8)
  An orc (D:9)
  7 fungi (D:3)
  8 toadstools (D:3)
18 creatures vanquished.

Grand Total: 317 creatures vanquished

Notes
Turn   | Place    | Note
-------+----------+-------------------------------------------
     0 | D:1      | dvd the Octopode Ice Elementalist began the quest for the Orb.
     0 | D:1      | Reached XP level 1. HP: 11/11 MP: 3/3
   446 | D:1      | Reached XP level 2. HP: 17/17 MP: 1/5
   552 | D:1      | Learned a level 2 spell: Throw Frost
   977 | D:1      | Reached XP level 3. HP: 21/21 MP: 3/6
  1469 | D:2      | Found a shadowy altar of Dithmenos.
  1541 | D:2      | Learned a level 3 spell: Ozocubu's Armour
  1816 | D:2      | Reached XP level 4. HP: 10/27 MP: 7/7
  2307 | D:2      | Reached skill level 1 in Maces & Flails
  2321 | D:2      | Found a stormy altar of Qazlal.
  2330 | D:2      | Became a worshipper of Qazlal Stormbringer
  2830 | D:3      | Reached XP level 5. HP: 25/31 MP: 3/9
  2869 | D:3      | Found a shattered altar of Ashenzari.
  3486 | D:3      | Reached * piety under Qazlal
  3500 | D:3      | Reached skill level 1 in Axes
  3500 | D:3      | Reached XP level 6. HP: 22/36 MP: 1/11
  4063 | D:4      | Found a bloodstained altar of Trog.
  4108 | D:4      | Found a sparkling altar of Nemelex Xobeh.
  4208 | D:4      | Found a sacrificial altar of Ru.
  4281 | D:4      | Learned a level 4 spell: Throw Icicle
  4285 | D:4      | Found a staircase to the Ecumenical Temple.
  4465 | D:4      | Found a deep blue altar of Sif Muna.
  4674 | D:4      | Reached XP level 7. HP: 31/42 MP: 9/13
  4943 | D:4      | Reached skill level 1 in Fighting
  5079 | D:5      | Entered Level 5 of the Dungeon
  5117 | D:5      | Reached ** piety under Qazlal
  5117 | D:5      | Reached skill level 1 in Charms
  5117 | D:5      | Reached skill level 5 in Ice Magic
  5321 | D:5      | Found Pajoewaa's Weapon Shop.
  5334 | D:5      | Bought a +3 falchion of protection for 247 gold pieces
  5410 | D:5      | Reached XP level 8. HP: 12/50 MP: 11/14
  5716 | D:5      | Reached skill level 1 in Long Blades
  5716 | D:5      | Reached skill level 5 in Spellcasting
  5733 | D:5      | Noticed kae's ghost (novice HOAK)
  5743 | D:5      | Killed kae's ghost
  5907 | D:5      | Found a basalt altar of Yredelemnul.
  5944 | D:5      | Found a white marble altar of Elyvilon.
  6145 | D:5      | Found a glowing silver altar of Zin.
  6405 | D:6      | Found an ornate altar of the Wu Jian Council.
  6531 | D:6      | Reached XP level 9. HP: 49/56 MP: 9/17
  6561 | D:6      | Noticed Boondog's ghost (novice DsGl)
  6750 | D:7      | Reached *** piety under Qazlal
  7559 | D:7      | Reached skill level 5 in Long Blades
  8189 | D:7      | Reached skill level 1 in Shields
  8198 | D:7      | Reached **** piety under Qazlal
  8198 | D:7      | Reached XP level 10. HP: 42/63 MP: 13/20
  8534 | D:6      | Killed Boondog's ghost
  9765 | D:8      | Found an opulent altar of Gozag.
 10131 | D:8      | Found Wumubayn's Weapon Boutique.
 10206 | D:8      | Found a blossoming altar of Fedhas.
 10208 | D:8      | Noticed Maurice
 10221 | D:8      | Killed Maurice
 10463 | D:8      | Found a shadowy altar of Dithmenos.
 10492 | D:8      | Noticed a two-headed ogre
 10515 | D:8      | Killed a two-headed ogre
 10515 | D:8      | Reached skill level 5 in Dodging
 10825 | D:8      | Noticed Pikel
 10837 | D:8      | Killed Pikel
 10883 | D:8      | Found a glowing golden altar of the Shining One.
 10959 | D:8      | Found a snail-covered altar of Cheibriados.
 11082 | D:8      | Found a shimmering altar of Xom.
 11308 | D:8      | Reached XP level 11. HP: 56/70 MP: 8/22
 11515 | D:9      | Noticed a two-headed ogre
 11530 | D:9      | Killed a two-headed ogre
 11530 | D:9      | Reached skill level 5 in Shields
 11563 | D:9      | Noticed a two-headed ogre
 11879 | D:9      | HP: 3/70 [steam dragon (9)]
 12461 | D:9      | Learned a level 3 spell: Confuse
 12656 | D:9      | Found a radiant altar of Vehumet.
 12851 | D:10     | Entered Level 10 of the Dungeon
 12864 | D:10     | Reached skill level 1 in Invocations
 14195 | D:10     | Learned a level 2 spell: Blink
 14942 | D:10     | Found the +8 Wrath of Trog {antimagic, *Rage}
 15040 | D:10     | Noticed a two-headed ogre
 15051 | D:10     | Killed a two-headed ogre
 15054 | D:10     | Killed from afar by an orc priest

Skill      XL: |  1  2  3  4  5  6  7  8  9 10 11 |
---------------+----------------------------------+-----
Stealth        | 3 4 |  4.1
Maces & Flails | 1 2 |  2.6
Ice Magic      | 4 5 6 7 8 |  8.0
Spellcasting   | 3 4 5 6 7 8 |  8.3
Axes           | 1 |  1.8
Fighting       | 2 3 4 |  4.8
Charms         | 1 2 3 |  3.4
Long Blades    | 3 5 6 7 |  7.5
Dodging        | 3 4 5 |  5.7
Conjurations   | 2 3 |  3.7
Shields        | 1 4 5 |  5.9
Invocations    | 2 |  2.6
Unarmed Combat | |  0.2
Hexes          | |  0.8
Evocations     | |  0.2

Action                   |  1- 3 |  4- 6 |  7- 9 | 10-12 || total
-------------------------+-------+-------+-------+-------++-------
Melee: Unarmed           |    12 |       |       |       ||    12
       Constrict         |     9 |    28 |    57 |    38 ||   132
       Tentacles         |     3 |    14 |    51 |    71 ||   139
       Mace              |    19 |    28 |    31 |       ||    78
       Hand axe          |       |    71 |       |       ||    71
       Falchion          |       |       |   223 |   353 ||   576
       Punch             |       |       |     2 |     2 ||     4
 Cast: Freeze            |    28 |    61 |    30 |    55 ||   174
       Throw Frost       |     8 |    24 |    35 |    31 ||    98
       Ozocubu's Armour  |       |     7 |    29 |    36 ||    72
       Throw Icicle      |       |       |     9 |    22 ||    31
       Confuse           |       |       |       |    10 ||    10
Invok: Upheaval          |       |       |       |     4 ||     4
Evoke: Wand              |       |       |     2 |     2 ||     4
  Use: Scroll            |       |     8 |     8 |    15 ||    31
       Potion            |       |       |     6 |     5 ||    11
 Stab: Sleeping          |     7 |     4 |       |       ||    11
       Confused          |       |       |       |     3 ||     3
  Eat: Chunk             |     4 |     7 |    14 |     9 ||    34
       Ration            |       |     1 |       |     5 ||     6
Armor: Skin              |     2 |    31 |    76 |    85 ||   194
Dodge: Dodged            |    24 |   101 |   181 |   156 ||   462
       Deflected         |       |       |       |     2 ||     2
Block: Other             |       |     3 |    30 |       ||    33
       Shield            |       |       |    14 |   298 ||   312
       Rpst.: Falchion   |       |       |    48 |    42 ||    90
